 Dungeon Crawl Stone Soup version 0.30-a0-956-gcec3b41aec (webtiles) character file.

Game seed: 14293729559636253654

6433 Zdeegee the Poker (level 10, 0/83 HPs)
             Began as a Grey Draconian Warper on Mar 27, 2023.
             Slain by Erica
             ... wielding a +3 scimitar of flaming
              (1 damage)
             ... on level 9 of the Dungeon on Mar 29, 2023.
             The game lasted 00:32:09 (11838 turns).

Zdeegee the Poker (Grey Draconian Warper)          Turns: 11838, Time: 00:32:10

Health: 0/83       AC: 15    Str: 23    XL:     10   Next: 67%
Magic:  17/17      EV: 14    Int: 14    God:
Gold:   470        SH:  0    Dex: 11    Spells: 2/18 levels left

rFire   + . .      SeeInvis .    a - +0 spear
rCold   . . .      Faith    .    (no shield)
rNeg    . . .      Spirit   .    (body armour unavailable)
rPois   .          Reflect  .    M - +2 hat
rElec   .          Rampage  .    z - +0 cloak {Stlth+}
rCorr   .                        (no gloves)
Will    .....                    (no boots)
Stlth   +++                      H - amulet of regeneration
HPRegen 1.13/turn                h - +6 ring of strength
MPRegen 0.15/turn                G - ring of protection from fire

@: slowed, very slow
A: AC +12, amphibious, unfitting armour, cold-blooded
a: no special abilities


You were on level 9 of the Dungeon.
You visited 1 branch of the dungeon, and saw 9 of its levels.

You collected 512 gold pieces.
You spent 42 gold pieces at shops.

Inventory:

Hand Weapons
 a - a +0 spear (weapon)
 g - a +0 mace of holy wrath
 t - a +6 dagger of freezing
 u - a +0 trident
 y - a +2 quarterstaff of chaos
Missiles
 c - 5 boomerangs of dispersal
 n - 8 boomerangs (quivered)
 o - 17 poisoned darts
 q - 4 silver boomerangs
Armour
 z - a +0 cloak of stealth (worn)
 M - a +2 hat (worn)
Jewellery
 e - an amulet of the acrobat
 h - a +6 ring of strength (left hand)
 i - an amulet of guardian spirit
 p - an amulet of magic regeneration
 C - a ring of resist corrosion
 G - a ring of protection from fire (right hand)
 H - an amulet of regeneration (around neck)
Wands
 j - a wand of quicksilver (1)
Scrolls
 b - 4 scrolls of blinking
 d - 3 scrolls of fog
 f - 2 scrolls of fear
 m - 2 scrolls of poison {unknown}
 r - a scroll of noise {unknown}
 v - 2 scrolls of teleportation {unknown}
 w - a scroll of magic mapping {unknown}
 D - a scroll of silence {unknown}
 I - a scroll of amnesia {unknown}
 J - 2 scrolls of vulnerability {unknown}
 L - 2 scrolls of enchant weapon {unknown}
 P - a scroll of torment {unknown}
Potions
 k - 2 potions of cancellation
 l - a potion of flight
 s - a potion of ambrosia
 x - a potion of might
 A - a potion of brilliance {unknown}
 B - 3 potions of attraction
 E - 2 potions of lignification {unknown}
 F - 2 potions of berserk rage
 K - a potion of heal wounds {unknown}
 N - a potion of degeneration {unknown}
 Q - a potion of haste {unknown}


   Skills:
 * Level 5.9 Fighting
 + Level 0.9 Short Blades
 * Level 7.5 Polearms
 + Level 5.5 Throwing
 * Level 6.5 Dodging
 + Level 2.1 Stealth
 * Level 4.8 Shields
 * Level 4.7 Spellcasting
 * Level 5.9 Translocations
 * Level 5.2 Earth Magic
 + Level 1.0 Evocations


You had 2 spell levels left.
You knew the following spells:

 Your Spells              Type           Power      Damage    Failure   Level
a - Blink                 Tloc           40%        N/A       2%          2
b - Teleport Other        Tloc           20%        N/A       4%          3
c - Manifold Assault      Tloc           20%        N/A       16%         4
d - Passage of Golubria   Tloc           20%        N/A       16%         4
e - Vhi's Electric Charg  Tloc/Air       22%        N/A       16%         3

Your spell library contained the following spells:

 Spells                   Type           Power      Damage    Failure   Level
 Lesser Beckoning         Tloc           40%        N/A       2%          2
 Cause Fear               Hex            1%         N/A       87%         4
 Silence                  Hex/Air        1%         N/A       99%         5
 Dragon Form              Tmut           1%         N/A       100%        7
 Lehudib's Crystal Spear  Conj/Erth      5%         10d3      100%        8
 Dragon's Call            Summ           1%         N/A       100%        9


Dungeon Overview and Level Annotations

Branches:
Dungeon (9/15)             Temple (0/1) D:4            Lair (0/5) D:9
    Orc: D:9-12

Altars:
Dithmenos
Elyvilon
Gozag
Hepliaklqana
Kikubaaqudgha
Makhleb
Trog
Wu Jian
Xom
Zin
The Shining One

Shops:
D:2 !

Annotations:
D:8 1 runed translucent door
D:9 Erica, Harold


Innate Abilities, Weirdness & Mutations

Your dull iron-grey scales are very hard. (AC +12)
You are amphibious.
You cannot fit into any form of body armour.
You are cold-blooded and may be slowed by cold attacks.


Message History

You are knocked back by the lance of force.
Reach: a) +0 spear
Press: ? - help, Dir - move target, f - Erica
Aim: Erica, wielding a +3 scimitar of flaming and wearing a +0 robe of resistance (about 39% to evade your +0 spear)
Okay, then.
Erica attacks as you move away!
Erica hits you with a +3 scimitar of flaming.
Erica burns you. Erica gestures at you while chanting.
The bolt of poison hits you!
You are poisoned.
Erica attacks as you move away!
Erica hits you with a +3 scimitar of flaming!
Erica burns you.
You feel very sick. Erica gestures at you while chanting.
The bolt of poison hits you!
You are more poisoned.
You feel extremely sick.
You feel very sick.
Erica mumbles some strange words.
Erica flickers and vanishes!
Deactivating autopickup; reactivate with Ctrl-A.
You feel very sick.
You feel very sick. Something hits you.
* * * LOW HITPOINT WARNING * * *
You feel sick. Something hits you!
* * * LOW HITPOINT WARNING * * *
Something burns you.
* * * LOW HITPOINT WARNING * * *
You feel sick.
You feel better. Something hits you!
* * * LOW HITPOINT WARNING * * *
Something burns you.
* * * LOW HITPOINT WARNING * * *
Something hits you.
* * * LOW HITPOINT WARNING * * *
Something burns you.
You die...

. .# #.......#####.##### .#.#
#.......#.......... .#.#
#.......#...#.##### .#.#
#.#####.#........#. ...# #.#
#.#.......... ...# #.#
#.#...#.##.#. ...# #O#
#.O...@.O.... ...#######
#.#########.#.##.## P........#
#.@..............#
...#.....#################..#####
.....K.......# #........@..
..##.......#K#########.###..#####
.###.....#†#.#.<.......# #..# .#
#.....#.#K#.........# #..# #
#.....#..K.FK.......# #.@#
#.....#......>......# #..#
#o##..#.@...........###.O#


You could see a two-headed ogre.

Vanquished Creatures
  A hydra (D:8)
  Maurice (D:9)
  Grinder (D:4)
  2 dream sheep (D:8)
  2 wyverns
  A yak (D:9)
  Duvessa (D:4)
  3 water moccasins
  An ice beast (D:6)
  5 orc warriors
  7 black bears
  2 sky beasts
  An ogre (D:5)
  4 kobold brigands
  5 bullfrogs
  4 scorpions
  Dowan (D:4)
  9 killer bees
  An electric eel (D:8)
  3 howler monkeys
  2 hounds
  9 orc priests
  A sleepcap (D:7)
  A jelly (D:6)
  Crazy Yiuf (D:4)
  5 iguanas
  Ijyb (D:4)
  12 orc wizards
  8 adders
  A shadow imp (D:5)
  6 ufetubi
  3 worms
  2 dart slugs
  44 orcs
  7 endoplasms
  A giant cockroach (D:3)
  8 goblins
  6 hobgoblins
  4 jackals (D:1)
  6 quokkas
  7 ball pythons
  7 bats
  18 frilled lizards
  8 kobolds
  4 rats
227 creatures vanquished.

Vanquished Creatures (others)
  A killer bee (D:9)
  An orc priest (D:9)
  2 orc wizards (D:9)
  2 orcs (D:9)
  19 fungi (D:9)
  20 plants
45 creatures vanquished.

Grand Total: 272 creatures vanquished

Notes
Turn   | Place    | Note
-------+----------+-------------------------------------------
     0 | D:1      | Zdeegee the Draconian Warper began the quest for the Orb.
     0 | D:1      | Reached XP level 1. HP: 17/17 MP: 3/3
   118 | D:1      | Reached skill level 1 in Throwing
   234 | D:1      | Found a faded altar of an unknown god.
   243 | D:1      | Reached XP level 2. HP: 21/25 MP: 5/5
  1019 | D:2      | Reached XP level 3. HP: 30/30 MP: 6/6
  1024 | D:2      | Reached skill level 1 in Shields
  1618 | D:2      | Found Kevatela's Distillery.
  1626 | D:2      | Bought a potion of curing for 42 gold pieces
  1839 | D:3      | Learned a level 2 spell: Blink
  1843 | D:3      | Learned a level 3 spell: Teleport Other
  1932 | D:3      | Found a white marble altar of Elyvilon.
  1970 | D:3      | Found a shimmering altar of Xom.
  1984 | D:3      | Reached XP level 4. HP: 35/37 MP: 7/7
  2378 | D:3      | Found a shadowy altar of Dithmenos.
  2413 | D:3      | Identified the +3 robe of Anwoblir {rF+ Will+ Regen+}
  2961 | D:4      | Found a staircase to the Ecumenical Temple.
  2961 | D:4      | Noticed Ijyb
  3018 | D:4      | Reached XP level 5. HP: 17/42 MP: 8/8
  3131 | D:4      | Killed Ijyb
  3615 | D:4      | Noticed Grinder
  3615 | D:4      | Paralysed by Grinder for 2 turns
  3779 | D:4      | Found a runed translucent door.
  3780 | D:4      | Noticed Crazy Yiuf
  3814 | D:4      | Paralysed by Grinder for 2 turns
  3822 | D:4      | Killed Grinder
  3823 | D:4      | Reached skill level 3 in Polearms
  3823 | D:4      | Reached XP level 6. HP: 26/51 MP: 8/10
  3952 | D:5      | Entered Level 5 of the Dungeon
  3952 | D:5      | Noticed Duvessa
  3952 | D:5      | Noticed Dowan
  4197 | D:4      | Your scales start taking on a dull iron-grey colour.
  4197 | D:4      | Reached XP level 7. HP: 33/57 MP: 11/11
  4552 | D:5      | Reached skill level 1 in Earth Magic
  4729 | D:5      | Learned a level 4 spell: Manifold Assault
  5062 | D:4      | Killed Duvessa
  5063 | D:4      | Reached skill level 4 in Polearms
  5102 | D:4      | Killed Dowan
  5235 | D:4      | Killed Crazy Yiuf
  5480 | D:5      | Reached XP level 8. HP: 63/63 MP: 12/12
  5957 | D:5      | Reached skill level 1 in Stealth
  6489 | D:6      | Found a hazy altar of Hepliaklqana.
  6733 | D:5      | Reached skill level 5 in Polearms
  7149 | D:5      | Reached XP level 9. HP: 24/71 MP: 14/14
  7584 | D:7      | Found an opulent altar of Gozag.
  7977 | D:7      | Learned a level 4 spell: Passage of Golubria
  7992 | D:7      | Reached skill level 6 in Polearms
  8439 | D:7      | Reached skill level 5 in Dodging
  8439 | D:7      | Reached skill level 5 in Translocations
  8797 | D:7      | Found an ancient bone altar of Kikubaaqudgha.
  8798 | D:7      | Found an ornate altar of the Wu Jian Council.
  8799 | D:7      | Found a bloodstained altar of Trog.
  8801 | D:7      | Found a glowing golden altar of the Shining One.
  8802 | D:7      | Found a glowing silver altar of Zin.
  9073 | D:8      | Reached skill level 5 in Throwing
  9143 | D:8      | Found a runed translucent door.
  9144 | D:8      | Found a burning altar of Makhleb.
  9144 | D:8      | Noticed a sixfirhy
  9193 | D:8      | HP: 1/72 [wyvern (4)]
  9206 | D:8      | HP: 3/72 [wyvern (4)]
 10151 | D:6      | Upgraded the game from 0.30-a0-948-g4fa250aae5 to
                  | 0.30-a0-956-gcec3b41aec
 10225 | D:8      | Reached XP level 10. HP: 80/80 MP: 16/16
 10582 | D:8      | Reached skill level 5 in Fighting
 10623 | D:8      | Noticed a three-headed hydra
 10656 | D:8      | Killed a three-headed hydra
 10657 | D:8      | Reached skill level 7 in Polearms
 10657 | D:8      | Reached skill level 1 in Evocations
 11023 | D:9      | Noticed Maurice
 11088 | D:9      | Killed Maurice
 11315 | D:9      | Reached skill level 5 in Earth Magic
 11327 | D:9      | Noticed Harold
 11387 | D:9      | Found a staircase to the Lair.
 11778 | D:9      | Noticed Erica
 11784 | D:9      | Learned a level 3 spell: Vhi's Electric Charge
 11786 | D:9      | Noticed a two-headed ogre
 11838 | D:9      | HP: 1/83 [something (4)]
 11838 | D:9      | Slain by Erica

Illustrated notes

Levels and vault maps discovered:
D:1:      dpeg_arrival_more_subterranean_lakeside_camping, layout_loops_ring,
          ebering_ecumenical_altar_hall, kennysheep_nondescript
D:2:      layout_basic, serial_shops, shop, kennysheep_cross_bottleneck
D:3:      layout_loops_ring, lemuel_round_altar, mainiacjoe_overflow_24_doors,
          mainiacjoe_overflow_alcove_2, reono_crystal_passage,
          minmay_lizard_king
D:4:      layout_basic, minmay_temple_entry_water_ring, uniq_grinder,
          uniq_crazy_yiuf_cottage, uniq_ijyb
D:5:      layout_gridville, bh_walls_and_bars, uniq_duvessa
D:6:      layout_rooms, mainiacjoe_overflow_cross_hatched
D:7:      layout_basic, grunt_temple_overflow_open, nicolae_gozag_seed_capital
D:8:      layout_cave_pools, nzn_makhleb_speed_demon, kennysheep_cluttered_room,
          nicolae_wwwww, hangedman_ranch
D:9:      layout_basic, grunt_lair_entry_orc_guard_hut,
          lemuel_flamethrower_hall, uniq_harold, uniq_erica, uniq_maurice

Skill      XL: |  1  2  3  4  5  6  7  8  9 10 |
---------------+-------------------------------+-----
Throwing       | 1 2 3 4 5 |  5.5
Shields        | 1 2 3 4 |  4.8
Fighting       | 3 4 5 |  5.9
Polearms       | 3 4 5 6 7 |  7.5
Dodging        | 3 4 5 6 |  6.5
Translocations | 4 5 |  5.9
Spellcasting   | 3 4 |  4.7
Earth Magic    | 1 2 4 5 |  5.2
Stealth        | 1 2 |  2.1
Evocations     | 1 |  1.0
Short Blades   | |  0.9

Action                     |  1- 3 |  4- 6 |  7- 9 | 10-12 || total
---------------------------+-------+-------+-------+-------++-------
  Melee: Spear             |   175 |   178 |   272 |   290 ||   915
         Tailslap          |     7 |    22 |    76 |    39 ||   144
         Punch             |       |     2 |     8 |     7 ||    17
         Dagger            |       |       |     5 |       ||     5
         Trident           |       |       |   423 |       ||   423
  Throw: Boomerang         |    24 |    83 |   129 |    26 ||   262
         Dart              |       |       |    11 |       ||    11
   Cast: Blink             |       |     3 |     7 |       ||    10
         Teleport Other    |       |       |     3 |       ||     3
         Manifold Assault  |       |       |    12 |     5 ||    17
         Passage of Golubr |       |       |       |     1 ||     1
  Evoke: Wand              |       |     7 |     7 |     7 ||    21
    Use: Scroll            |     3 |     1 |     4 |       ||     8
         Potion            |       |     1 |     3 |     1 ||     5
   Stab: Sleeping          |     3 |       |     4 |       ||     7
 Armour: Skin              |    42 |    74 |   347 |   118 ||   581
  Dodge: Dodged            |   100 |   161 |   499 |   201 ||   961

Table legend: (Time is in decaauts)
 A = Elapsed time spent in this place.
 B = Non-inter-level travel time spent in this place.
 C = Inter-level travel time spent in this place.
 D = Time resting spent in this place.
 E = Time spent auto-exploring this place.
 F = Levels seen in this place.
 G = Mean time per level.
                   A        B        C        D        E       F      G
               +--------+--------+--------+--------+--------+-----+--------+
         Total |  11790 |  11450 |    340 |   2464 |   6059 |   9 | 1310.0 |
       Dungeon |  11790 |  11450 |    340 |   2464 |   6059 |   9 | 1310.0 |
               +--------+--------+--------+--------+--------+-----+--------+

Top non-repeatable levels by time:
     D:5: 2072 daAuts
     D:4: 2015 daAuts
     D:7: 1681 daAuts
     D:8: 1399 daAuts
     D:3: 1016 daAuts
     D:1: 974 daAuts
     D:6: 914 daAuts
     D:2: 864 daAuts
     D:9: 851 daAuts
